 Dungeon Crawl Stone Soup version 0.31-a0-496-g6f97920a28 (webtiles) character file.

Game seed: 12248498377673874677

55 randomguy2701 the Stinger (level 3, 0/21 HPs)
             Began as an Octopode Venom Mage on Aug 8, 2023.
             Slain by a black bear (4 damage)
             ... on level 4 of the Dungeon.
             The game lasted 00:02:43 (3015 turns).

randomguy2701 the Stinger (Octopode Venom Mage)     Turns: 3015, Time: 00:02:44

Health: 0/21       AC:  1    Str:  7    XL:     3   Next: 93%
Magic:  1/7        EV: 13    Int: 19    God:
Gold:   119        SH:  0    Dex: 12    Spells: 6/7 levels left

rFire   . . .        (no weapon)
rCold   + . .        (no shield)
rNeg    . . .        (helmet restricted)
rPois   .            b - amulet of regeneration
rElec   .            k - ring of protection from cold
rCorr   .            (no ring)
SInv    .            (no ring)
Will    .....        (no ring)
Stlth   +++          (no ring)
HPRegen 1.03/turn    (no ring)
MPRegen 0.10/turn    (no ring)
                     (no ring)

%: no passive effects
@: no status effects
A: almost no armour, amphibious, 8 rings, camouflage 1, gelatinous body 1,
(nimble swimmer 1), tentacles
a: no special abilities


You were on level 4 of the Dungeon.
You visited 1 branch of the dungeon, and saw 4 of its levels.

You collected 119 gold pieces.

Inventory:

Jewellery
 b - an amulet of regeneration (around mantle)
 f - an amulet of reflection
 k - a ring of protection from cold (left tentacle)
 n - an amulet of the acrobat
Scrolls
 c - a scroll of fog {unknown}
 d - 5 scrolls of identify {unknown}
 h - 2 scrolls of poison {unknown}
 i - a scroll of enchant weapon {unknown}
 j - 2 scrolls of vulnerability {unknown}
 m - 3 scrolls of revelation {unknown}
Potions
 a - a potion of magic
 e - 3 potions of heal wounds {unknown}
 g - 2 potions of attraction {unknown}
 l - 3 potions of lignification {unknown}


   Skills:
 + Level 2.2 Dodging
 + Level 2.7 Stealth
 + Level 2.8 Spellcasting
 + Level 1.4 Transmutations
 + Level 4.5 Poison Magic


You had 6 spell levels left.
You knew the following spells:

 Your Spells              Type           Power      Damage    Failure   Level
a - Sting                 Tmut/Pois      56%        1d5       4%          1

Your spell library contained the following spells:

 Spells                   Type           Power      Damage    Failure   Level
 Poisonous Vapours        Pois/Air       22%        N/A       10%         2
 Olgreb's Toxic Radiance  Pois           19%        N/A       24%         4
 Mephitic Cloud           Conj/Pois/Air  8%         N/A       26%         3


Dungeon Overview and Level Annotations

Branches:
Dungeon (4/15)
 Temple: D:4-7

Altars:
Dithmenos
Okawaru

Portals:
Ossuary: D:4


Innate Abilities, Weirdness & Mutations

You cannot wear most types of armour.
You are amphibious.
You can wear up to eight rings at the same time.
Your skin changes colour to match your surroundings (Stealth+).
Your rubbery body absorbs attacks. (AC +1, EV +1)
((You are camouflaged when in or above water. (Stealth+)))
You have tentacles for arms and can constrict up to eight enemies at once.


Message History

m - 3 scrolls labelled LEENIJOUKK (gained 1)
You hear the slow hiss of an avalanche of sand nearby.
An adder and a black bear come into view.
Found a sand-covered staircase.
The adder hisses angrily.
The black bear growls angrily.
The black bear moves out of view.
An adder is nearby!
An adder is nearby!
The sting hits the adder.
The adder is poisoned.
The adder is moderately wounded.
The adder barely misses you. x2
The sting hits the adder.
The adder looks even sicker.
The adder is almost dead.
The adder bites you.
The sting hits the adder.
The adder looks even sicker.
You kill the adder!
The sting hits the black bear.
The black bear is poisoned.
The black bear is lightly wounded.
The black bear closely misses you. The black bear claws you.
The black bear barely misses you.
The sting misses the black bear.
The black bear barely misses you. x3
The sting hits the black bear.
The black bear looks even sicker.
The black bear is lightly wounded.
The black bear bites you. The black bear closely misses you.
The black bear claws you.
The black bear attacks as you move away!
The black bear bites you! The black bear claws you.
The black bear barely misses you.
The black bear attacks as you move away!
The black bear bites you! The black bear closely misses you.
The black bear completely misses you.
The black bear attacks as you move away!
The black bear misses you. The black bear claws you.
* * * LOW HITPOINT WARNING * * *
The black bear misses you.
The black bear looks more healthy.
The black bear attacks as you move away!
The black bear bites you.
* * * LOW HITPOINT WARNING * * *
The black bear claws you.
You die...

#...# #...# #...#
#...##########
#............#
......†#########.#
∩.8.... #.#
....##. #h# 8.. ..
#@# ## ## ###.#
#...# #.### #.#
#.# #.# #.# #.#
#.#.# ##.###.#.#
....#.#.#


You could see a black bear.

Vanquished Creatures
  An adder (D:4)
  2 dart slugs
  2 endoplasms
  7 goblins
  7 hobgoblins
  6 kobolds
  A quokka (D:3)
  5 ball pythons
  3 bats
  2 frilled lizards
  2 rats (D:2)
38 creatures vanquished.

Notes
Turn   | Place    | Note
-------+----------+-------------------------------------------
     0 | D:1      | randomguy2701 the Octopode Venom Mage began the quest for
                  | the Orb.
     0 | D:1      | Reached XP level 1. HP: 11/11 MP: 3/3
   119 | D:1      | Reached skill level 4 in Poison Magic
   199 | D:1      | Reached XP level 2. HP: 17/17 MP: 0/5
  1278 | D:2      | Found an iron altar of Okawaru.
  1503 | D:2      | Reached XP level 3. HP: 17/21 MP: 0/6
  2382 | D:3      | Found a shadowy altar of Dithmenos.
  2996 | D:4      | Found a sand-covered staircase.
  2996 | D:4      | Noticed a black bear
  3015 | D:4      | Slain by a black bear

Illustrated notes

Levels and vault maps discovered:
D:1:      dpeg_arrival_simpleton_c, layout_loops_corners
D:2:      layout_loops_ring, basic_altar
D:3:      layout_loops_cross, nicolae_dithmenos_shadow_blocks
D:4:      layout_basic, okawaru_altar_gauntlet_db,
          nicolae_overflow_crystal_walls, nicolae_ossuary_entry_monument,
          uniq_natasha, uniq_edmund

Skill      XL: |  1 |
---------------+----+-----
Poison Magic   | 4 |  4.5
Dodging        | |  2.2
Stealth        | |  2.7
Spellcasting   | |  2.8
Transmutations | |  1.4

Action                     || total
---------------------------++-------
  Melee: Unarmed           ||     6
         Constrict         ||     2
         Tentacles         ||     1
   Cast: Sting             ||    82
   Stab: Sleeping          ||     2
 Armour: Skin              ||     1
  Dodge: Dodged            ||    36

Table legend: (Time is in decaauts)
 A = Elapsed time spent in this place.
 B = Non-inter-level travel time spent in this place.
 C = Inter-level travel time spent in this place.
 D = Time resting spent in this place.
 E = Time spent auto-exploring this place.
 F = Levels seen in this place.
 G = Mean time per level.
                   A        B        C        D        E       F      G
               +--------+--------+--------+--------+--------+-----+--------+
         Total |   3013 |   2901 |    112 |      0 |   2644 |   4 |  753.2 |
       Dungeon |   3013 |   2901 |    112 |      0 |   2644 |   4 |  753.2 |
               +--------+--------+--------+--------+--------+-----+--------+

Top non-repeatable levels by time:
     D:1: 1105 daAuts
     D:2: 1016 daAuts
     D:3: 812 daAuts
     D:4: 79 daAuts
